 Dungeon Crawl Stone Soup version 0.29.0-11-gd7f09526c8 (webtiles) character file.

Game seed: 1756151614593712366

258323 iguanaiguana the Tortoise (level 19, -23/170 HPs)
             Began as a Minotaur Fighter on Sept 7, 2022.
             Was a High Priest of Okawaru.
             Annihilated by a white very ugly thing (40 damage)
             ... while paralysed
             ... on level 1 of the Vaults.
             The game lasted 01:08:43 (42949 turns).

iguanaiguana the Tortoise (Minotaur Fighter)       Turns: 42949, Time: 01:08:44

Health: -23/170    AC: 31    Str: 29      XL:     19   Next: 12%
Magic:  27/27      EV:  2    Int:  0 (5)  God:    Okawaru [*****.]
Gold:   2269       SH:  0    Dex: 18      Spells: 18/18 levels left

rFire   + . .      SeeInvis .   a - +8 mithril axe "Arga" {speed, Will+}
rCold   . . .      Faith    .   c - +2 tower shield {rF+}
rNeg    . . .      Spirit   .   o - +1 plate armour of Atheism {Regen+ Dex+8 Stlth-}
rPois   +          Reflect  .   X - +2 hat {Stlth+}
rElec   .          Harm     .   K - +1 cloak
rCorr   .          Rampage  .   D - +2 pair of gloves {hurl}
Will    ++...                   C - +1 pair of boots of the Lost Path {Slay+3}
Stlth   ..........              (no amulet)
HPRegen 1.18/turn               m - ring of poison resistance
MPRegen 0.20/turn               L - ring of flight

@: paralysed, afraid, flying, slowed, lost intelligence, unable to read
A: horns 2, retaliatory headbutt
}: 2/15 runes: serpentine, barnacled
a: Renounce Religion, Heroism, Finesse, Duel


You were on level 1 of the Vaults.
You worshipped Okawaru.
Okawaru was extremely pleased with you.
You visited 9 branches of the dungeon, and saw 35 of its levels.
You visited 1 bazaar.
You also visited: Gauntlet.

You collected 3423 gold pieces.
You spent 1154 gold pieces at shops.

Inventory:

Hand Weapons
 a - the +8 mithril axe "Arga" (weapon) {speed, Will+}
   (Okawaru gifted it to you on level 2 of the Snake Pit)

   Attacks with this weapon are significantly faster.
   Will:      It increases your willpower.
 b - the +8 whip "Snakebite" {venom, curare, rPois}
   (You found it on level 3 of the Lair of Beasts)

   It poisons the flesh of those it strikes.
   It occasionally inflicts asphyxiating poison on those it strikes, dealing
   poison damage and causing slowness.
   rPois:     It protects you from poison.
 Q - the +8 short sword "Xaxuen" {flame, rElec Will++ Int-5}
   (Okawaru gifted it to you on level 15 of the Dungeon)

   It burns those it strikes, dealing additional fire damage.
   Int:       It affects your intelligence (-5).
   rElec:     It insulates you from electricity.
   Will:      It greatly increases your willpower.
Missiles
 i - 6 curare-tipped darts
 s - 41 boomerangs (quivered)
 y - 58 poisoned darts
 A - 7 throwing nets
 S - 17 silver javelins
 T - 28 javelins
Armour
 c - a +2 tower shield of fire resistance (worn)
 o - the +1 plate armour of Atheism (worn) {Regen+ Dex+8 Stlth-}
   (Okawaru gifted it to you on level 3 of the Lair of Beasts)

   Dex:       It affects your dexterity (+8).
   Regen:     It increases your rate of health regeneration.
   Stlth:     It makes you less stealthy.
 x - the +7 plate armour "Kaibynom" {rC- rN+ Str+6}
   (You found it in a Gauntlet)

   Str:       It affects your strength (+6).
   rC:        It makes you vulnerable to cold.
   rN:        It protects you from negative energy.
 C - the +1 pair of boots of the Lost Path (worn) {Slay+3}
   (You acquired it on level 13 of the Dungeon)

   Slay:      It affects your accuracy & damage with ranged weapons and melee
   (+3).
 D - a +2 pair of gloves of hurling (worn)
 K - a +1 cloak (worn)
 X - a +2 hat of stealth (worn)
Jewellery
 m - a ring of poison resistance (left hand)
 u - a +6 ring of strength
 w - a +6 ring of intelligence
 J - a ring of protection from cold
 L - a ring of flight (right hand)
 N - a ring of protection from cold
 P - a ring of see invisible
Wands
 n - a wand of digging (3) {@v3}
 H - a wand of roots (8)
 I - a wand of polymorph (15)
Scrolls
 d - 4 scrolls of poison
 l - 2 scrolls of magic mapping {@r5}
 q - 4 scrolls of silence
 r - 15 scrolls of teleportation {@r3}
 t - 3 scrolls of enchant weapon
 v - 4 scrolls of vulnerability
 M - a scroll of enchant armour
 U - 5 scrolls of fear
 Y - 2 scrolls of torment
 Z - 4 scrolls of immolation
Potions
 e - a potion of resistance {@q5}
 f - 6 potions of brilliance
 g - 6 potions of lignification
 h - 7 potions of flight
 j - 5 potions of haste {@q4}
 k - a potion of berserk rage
 p - 8 potions of mutation
 z - 3 potions of attraction
 E - a potion of curing {@q1}
 F - 2 potions of magic {unknown}
 G - 4 potions of cancellation
 O - 2 potions of might {@q3}
 V - 3 potions of invisibility
Miscellaneous
 R - a tin of tremorstones (2/2)
 W - a lightning rod (4/4)


   Skills:
 + Level 15.0 Fighting
 - Level 17.4(18.0) Axes
 - Level 7.4(13.4) Maces & Flails
 * Level 12.0 Throwing
 + Level 19.7 Armour
 - Level 6.0 Dodging
 + Level 19.0 Shields
 + Level 12.0 Invocations
 - Level 8.0 Evocations


You had 18 spell levels left.
You didn't know any spells.
Your spell library contained the following spells:

 Spells                   Type           Power      Damage    Failure   Level
 Sublimation of Blood     Necr           0%         N/A       100%        2


Dungeon Overview and Level Annotations

Branches:
Dungeon (15/15) Zot: 23813  Temple (1/1) D:6 Zot: 5950    Lair (5/5) D:8 Zot: 22591
 Shoals (4/4) Lair:2 Zot: 21613   Snake (4/4) Lair:2 Zot: 16531   Slime (0/5) Lair:4
    Orc (2/2) D:9 Zot: 9085     Elf (2/3) Orc:2 Zot: 10305  Vaults (1/5) D:13 Zot: 5400
 Depths (1/4) D:15 Zot: 5964 Gauntlet (visited)

Altars:
Ashenzari
Cheibriados
Dithmenos
Elyvilon
Fedhas
Gozag
Hepliaklqana
Kikubaaqudgha
Makhleb
Nemelex Xobeh
Okawaru
Qazlal
Ru
Sif Muna
Trog
Uskayaw
Vehumet
Wu Jian
Xom
Yredelemnul
Zin
The Shining One
Jiyva

Shops:
D:9 [   Orc:2 (:[!!   Shoals:3 :   Snake:2 ?

Portals:
Hell: Lair:5
Trove: D:13 (give 15 scrolls of teleportation)

Annotations:
D:15 3 runed translucent doors, experimilk's ghost, adept PaFi
Lair:3 3 runed translucent doors
Snake:4 3 runed translucent doors, exclusion: obsidian statue, Bunnuime's ghost, adept DECj
Orc:1 4 transporters
Elf:2 5 runed translucent doors, Roxanne


Innate Abilities, Weirdness & Mutations

You have a pair of horns on your head.
You reflexively headbutt those who attack you in melee.


Message History

You are too confused!
You are too confused!
You are too confused!
You are too confused!
You are too confused!
You are too confused!
You are too confused!
You are too confused!
The yaktaur unwields a +0 arbalest.
The yaktaur hits you!
Items here: )) [[ †.
You completely miss the brown very ugly thing.
The brown very ugly thing is severely wounded.
You barely miss the white very ugly thing.
You closely miss the yaktaur. The white very ugly thing stings you.
The white very ugly thing freezes you!!!
You bump into the stone wall.
The brown very ugly thing pecks you.
You are splashed with acid.
* * * LOW HITPOINT WARNING * * *
The white very ugly thing stings you!
* * * LOW HITPOINT WARNING * * *
The white very ugly thing freezes you!!!
* * * LOW HITPOINT WARNING * * *
The white very ugly thing attacks as you move away!
You feel much better.
The glowing orange brain pulsates.
You feel dopey.
You have lost your intelligence.
Something feeds on your intellect!
The glowing orange brain pulsates.
You resist with almost no effort.
You feel less confused.
The necromancer gestures wildly while chanting.
The necromancer binds the souls of nearby monsters.
The brown very ugly thing pecks you!!
* * * LOW HITPOINT WARNING * * *
You are splashed with acid!
* * * LOW HITPOINT WARNING * * *
The white very ugly thing stings you!
* * * LOW HITPOINT WARNING * * *
The white very ugly thing freezes you!!!
You die...

############'#####...##..
.....................##..
.....................##..
.....................##..
.....................##..
.....................##..
.......p.............##..
......Gu.............##..
.....ZGu@............####
###''#c########......#
#...Zu #......# #......
#......#### .......
#.......... .......
#.......... .......
#.......... #......
#.......... #..........


You could see 2 very ugly things, 2 glowing orange brains, a yaktaur (soul
bound), a necromancer (summoned), a glowing shapeshifter zombie (summoned) and
an ironbound preserver zombie (summoned).

Vanquished Creatures
  Vashnia (Arena)
  Bai Suzhen (Snake:4)
  Nikola (Shoals:4)
  Asterion (D:15)
  Polyphemus (Shoals:3)
  Donald (Snake:4)
  Ilsuiw (Shoals:2)
  9 nagarajas
  A deep elf sorcerer (Elf:1)
  A vault warden (Vaults:1)
  A frost giant (Arena)
  Louise (Snake:3)
  2 stone giants (D:15)
  3 ironbound preservers (Vaults:1)
  Nessos (Lair:4)
  2 ironbound thunderhulks (Vaults:1)
  A minotaur (Gauntlet)
  An entropy weaver (D:13)
  Azrael (Elf:2)
  A deep elf annihilator (Elf:2)
  Josephine (D:12)
  2 ettins
  14 merfolk javelineers
  8 merfolk impalers
  9 hydras
  A great orb of eyes (Vaults:1)
  2 ironbound frosthearts (Vaults:1)
  2 salamander tyrants (Snake:4)
  Erolcha (Orc:2)
  Harold (Orc:1)
  An ogre mage (Orc:2)
  6 boulder beetles
  A catoblepas (Shoals:2)
  3 centaur warriors
  6 two-headed ogres
  An alligator snapping turtle (Shoals:4)
  A death knight (D:15)
  24 naga warriors
  6 anacondas
  9 dancing weapons
  2 deep troll shamans
  5 merfolk avatars
  17 death yaks
  2 tengu warriors
  A merfolk aquamancer (Shoals:2)
  2 satyrs
  A deep troll earth mage (D:15)
  The ghost of benadryl the Grappler, a novice TrFi of Okawaru (D:7)
  A shock serpent (Snake:1)
  A sun demon (Lair:5)
  9 deep elf knights
  Nergalle (Orc:2)
  A fire crab (shapeshifter) (D:13)
  23 naga sharpshooters
  A salamander mystic (Snake:4)
  4 skeletal warriors (D:15)
  6 deep trolls
  7 deep elf archers
  6 naga ritualists
  12 sea snakes
  3 wizards
  27 harpies
  3 ironbound convokers (Vaults:1)
  3 necromancers
  A phantasmal warrior (Vaults:1)
  10 deep elf zephyrmancers
  7 orc sorcerers (Orc:2)
  A manticore (shapeshifter) (Gauntlet)
  13 mana vipers
  2 orc knights
  16 deep elf pyromancers
  6 cyclopes
  2 ugly things
  10 manticores
  12 salamanders
  7 fauns
  6 merfolk sirens
  A moth of wrath (D:7)
  10 elephants
  9 guardian serpents
  5 large abominations (D:14)
  22 black mambas
  24 naga magi
  2 water nymphs
  2 vault sentinels (Vaults:1)
  4 orange demons (Lair:5)
  An unseen horror (shapeshifter) (D:13)
  2 kobold demonologists (D:11)
  7 rime drakes
  7 komodo dragons
  10 cane toads
  2 yaktaurs (Vaults:1)
  A freezing wraith (D:15)
  A hellwing (Lair:5)
  An ice devil (Lair:5)
  An efreet (D:14)
  A spriggan skeleton (Depths:1)
  A red devil (Lair:5)
  4 trolls
  A polar bear (shapeshifter) (D:13)
  A queen bee (shapeshifter) (D:13)
  3 meliai (D:15)
  5 wind drakes
  25 merfolk
  4 polar bears
  19 dream sheep
  A tarantella (Lair:3)
  2 hornets (D:8)
  6 snapping turtles
  13 blink frogs
  3 slime creatures (D:15)
  7 wraiths
  4 wyverns
  A jumping spider (Lair:3)
  2 air elementals
  7 water elementals
  18 yaks
  A shadow (D:10)
  2 basilisks
  3 steam dragons
  4 fire elementals (Elf:2)
  3 vampire mosquitoes (D:14)
  An acid dragon (D:11)
  2 swamp worms (Gauntlet)
  A warg (D:9)
  48 nagas
  19 water moccasins
  7 small abominations (D:14)
  7 hell hounds
  12 orc warriors
  3 ice beasts
  A sky beast (D:7)
  3 ogres
  7 centaurs
  7 black bears
  12 wolves
  A phantom (D:5)
  17 bullfrogs
  5 kobold brigands
  3 scorpions
  2 earth elementals (Elf:2)
  A necrophage (D:4)
  8 wights
  11 killer bees
  6 howler monkeys
  An electric eel (Snake:2)
  4 hounds
  3 jellies
  11 orc priests
  3 gnoll boudas
  Jessica (D:2)
  5 iguanas
  25 orc wizards
  6 gnolls (D:8)
  6 adders
  2 shadow imps
  2 white imps
  2 ufetubi (D:5)
  2 worms
  4 dart slugs
  38 orcs
  4 endoplasms
  A giant cockroach (D:1)
  10 goblins
  9 hobgoblins
  4 jackals (D:5)
  22 kobolds
  6 quokkas
  11 ball pythons
  7 bats
  3 frilled lizards
  4 rats
996 creatures vanquished.

Vanquished Creatures (others)
  A merfolk impaler (Shoals:4)
  A wind drake (Shoals:4)
  A naga (Snake:4)
  A kobold brigand (D:7)
  A hound (D:7)
  A gnoll (D:8)
  2 kobolds (D:7)
  20 fungi
  63 plants
91 creatures vanquished.

Grand Total: 1087 creatures vanquished

Notes
Turn   | Place    | Note
-------+----------+-------------------------------------------
     0 | D:1      | iguanaiguana the Minotaur Fighter began the quest for the
                  | Orb.
     0 | D:1      | Reached XP level 1. HP: 19/19 MP: 0/0
   270 | D:1      | Reached XP level 2. HP: 21/27 MP: 1/1
   938 | D:2      | Reached XP level 3. HP: 33/33 MP: 2/2
  1285 | D:2      | Found a faded altar of an unknown god.
  1702 | D:2      | Noticed Jessica
  1707 | D:2      | Killed Jessica
  1708 | D:2      | Reached XP level 4. HP: 40/40 MP: 3/3
  1712 | D:2      | Got Jessica's Guidebook on Stolen Souls
  1905 | D:3      | You fall into a shaft and drop 1 floor!
  2006 | D:4      | Reached XP level 5. HP: 47/47 MP: 4/4
  2107 | D:4      | Found a glowing silver altar of Zin.
  2112 | D:4      | Found a hide-covered altar of Uskayaw.
  2318 | D:4      | Found a shadowy altar of Dithmenos.
  2602 | D:4      | Reached skill level 5 in Axes
  2602 | D:4      | Reached XP level 6. HP: 46/55 MP: 5/5
  2796 | D:3      | Identified the +5 great sword "Lishei" {speed, Will+ Dex+3}
  2933 | D:3      | Reached skill level 5 in Fighting
  3212 | D:5      | Entered Level 5 of the Dungeon
  3234 | D:5      | Noticed an ice beast
  3241 | D:5      | Killed an ice beast
  3242 | D:5      | Reached skill level 5 in Armour
  3242 | D:5      | Reached skill level 5 in Shields
  3299 | D:5      | Reached XP level 7. HP: 22/61 MP: 6/6
  4288 | D:5      | Reached XP level 8. HP: 70/70 MP: 7/7
  4879 | D:5      | Found a white marble altar of Elyvilon.
  4933 | D:5      | Noticed a two-headed ogre
  5393 | D:6      | Found a staircase to the Ecumenical Temple.
  5544 | Temple   | Entered the Ecumenical Temple
  5585 | Temple   | Became a worshipper of Warmaster Okawaru
  5712 | D:6      | Reached skill level 1 in Throwing
  5724 | D:6      | Reached skill level 1 in Evocations
  6031 | D:7      | Found a burning altar of Makhleb.
  6339 | D:6      | Reached * piety under Okawaru
  6484 | D:7      | Reached XP level 9. HP: 62/79 MP: 8/8
  6866 | D:7      | Noticed a komodo dragon
  6868 | D:7      | Found a transporter.
  6868 | D:7      | Noticed a moth of wrath
  6879 | D:7      | Noticed benadryl's ghost (novice TrFi)
  6908 | D:7      | Found a transporter.
  7137 | D:7      | Found a shimmering altar of Xom.
  7441 | D:7      | Identified the +5 rapier of Dim Light {vorpal, Will+ MP+9
                  | Dex+3 Stlth+}
  7539 | D:7      | Found a shimmering blue altar of Sif Muna.
  7810 | D:8      | Reached skill level 1 in Invocations
  7813 | D:8      | Reached ** piety under Okawaru
  7828 | D:8      | Reached skill level 10 in Axes
  8348 | D:8      | Reached XP level 10. HP: 88/88 MP: 10/10
  8962 | D:8      | Found a staircase to the Lair.
  8973 | D:8      | Reached *** piety under Okawaru
  9411 | D:9      | Found a staircase to the Orcish Mines.
  9587 | D:9      | Paralysed by a hornet for 2 turns
  9774 | D:9      | Found Quwaulog's Armour Shoppe.
 10119 | D:9      | Found an ornate altar of the Wu Jian Council.
 10433 | D:10     | Entered Level 10 of the Dungeon
 10434 | D:10     | Noticed a two-headed ogre
 10447 | D:10     | Killed a two-headed ogre
 10447 | D:10     | Reached **** piety under Okawaru
 10669 | D:10     | Received a gift from Okawaru
 10799 | D:10     | Reached skill level 5 in Invocations
 11277 | Orc:1    | Entered Level 1 of the Orcish Mines
 11277 | Orc:1    | Noticed a two-headed ogre
 11277 | Orc:1    | Found an iron altar of Okawaru.
 11295 | Orc:1    | Killed a two-headed ogre
 11296 | Orc:1    | Reached XP level 11. HP: 32/95 MP: 6/13
 11674 | Orc:1    | Noticed an orc knight
 11674 | Orc:1    | Noticed an orc knight
 11675 | Orc:1    | Found a transporter.
 11678 | Orc:1    | Noticed an orc knight
 11890 | Orc:1    | Killed an orc knight
 12214 | Orc:1    | Found a transporter.
 12215 | Orc:1    | Found an ornate altar of the Wu Jian Council.
 12215 | Orc:1    | Noticed an orc warlord
 12242 | Orc:1    | Found a transporter.
 12246 | Orc:1    | Found an ornate altar of the Wu Jian Council.
 12247 | Orc:1    | Found a transporter.
 12277 | Orc:1    | Reached skill level 5 in Throwing
 12771 | Orc:2    | Entered Level 2 of the Orcish Mines
 12969 | Orc:1    | Noticed Harold
 12997 | Orc:1    | Killed Harold
 12997 | Orc:1    | Received a gift from Okawaru
 13386 | Orc:2    | Found Ofrots's Weapon Boutique.
 13409 | Orc:2    | Found a staircase to the Elven Halls.
 13463 | Orc:2    | Noticed a two-headed ogre
 13480 | Orc:2    | Killed a two-headed ogre
 14010 | Orc:2    | Noticed Sonja
 14086 | Lair:1   | Entered Level 1 of the Lair of Beasts
 14127 | Lair:1   | Reached ***** piety under Okawaru
 14997 | Lair:1   | Reached skill level 5 in Evocations
 15239 | Lair:2   | Found a staircase to the Snake Pit.
 15250 | Lair:2   | Received a gift from Okawaru
 15273 | Lair:2   | Received a gift from Okawaru
 15915 | Lair:2   | Found a staircase to the Shoals.
 16400 | Lair:3   | Reached XP level 12. HP: 73/106 MP: 16/16
 16430 | Lair:3   | Received a gift from Okawaru
 16777 | Lair:3   | Received a gift from Okawaru
 16778 | Lair:3   | Reached skill level 10 in Armour
 16784 | Lair:3   | Reached skill level 10 in Fighting
 17085 | Lair:3   | Found a runed translucent door.
 17085 | Lair:3   | Found the +8 whip "Snakebite" {venom, curare, rPois}
 17404 | Lair:3   | Found a runed translucent gate.
 17404 | Lair:3   | Found a runed translucent gate.
 17404 | Lair:3   | Found a runed translucent gate.
 17404 | Lair:3   | Found a runed translucent gate.
 17404 | Lair:3   | Found a runed translucent gate.
 17404 | Lair:3   | Found a runed translucent gate.
 17404 | Lair:3   | Noticed a boulder beetle
 17404 | Lair:3   | Noticed a boulder beetle
 17427 | Lair:3   | Killed a boulder beetle
 17445 | Lair:3   | Killed a boulder beetle
 17530 | Lair:4   | Noticed Nessos
 17749 | Lair:4   | Noticed a five-headed hydra
 17760 | Lair:3   | Received a gift from Okawaru
 18042 | Lair:3   | Killed a five-headed hydra
 18262 | Lair:3   | Identified the +1 plate armour of Atheism {Regen+ Dex+8
                  | Stlth-} (Okawaru gifted it to you on level 3 of the Lair of
                  | Beasts)
 18262 | Lair:3   | Received a gift from Okawaru
 18310 | Lair:4   | Killed Nessos
 18671 | Lair:3   | Reached XP level 13. HP: 114/114 MP: 17/19
 18692 | Lair:4   | Found a viscous altar of Jiyva.
 18693 | Lair:4   | Found a staircase to the Slime Pits.
 18755 | Lair:4   | Reached skill level 1 in Maces & Flails
 19586 | Lair:5   | Entered Level 5 of the Lair of Beasts
 19608 | Lair:5   | Identified the +2 pair of gloves of the Alphagorgon {rC+
                  | rN+ Slay-5}
 19716 | Lair:5   | Reached skill level 5 in Maces & Flails
 19906 | Lair:5   | Found a burning altar of Makhleb.
 19950 | Lair:5   | Received a gift from Okawaru
 19957 | Lair:5   | Reached skill level 1 in Dodging
 20055 | Lair:5   | Found a gateway to Hell.
 20062 | Lair:5   | Identified the +4 arbalest of the Realm of Zot {elec, rC+}
 20342 | Lair:5   | Received a gift from Okawaru
 20457 | Lair:5   | Received a gift from Okawaru
 20458 | Lair:5   | Reached skill level 10 in Invocations
 20704 | Lair:5   | Received a gift from Okawaru
 20705 | Lair:5   | Reached XP level 14. HP: 120/124 MP: 20/20
 21799 | D:12     | Reached ****** piety under Okawaru
 21983 | D:12     | Received a gift from Okawaru
 21993 | D:12     | Noticed Josephine
 22014 | D:12     | Killed Josephine
 22210 | D:12     | Found a shimmering blue altar of Sif Muna.
 22280 | D:13     | Found a gate to the Vaults.
 22354 | D:13     | Found a portal to a secret trove of treasure.
 22419 | D:13     | Found a gate leading to a gauntlet.
 22422 | D:13     | Found a frozen archway.
 22449 | Gauntlet | Entered a Gauntlet
 22449 | Gauntlet | Found a transporter.
 22449 | Gauntlet | Found a transporter.
 22449 | Gauntlet | Found a transporter.
 22450 | Gauntlet | Found a transporter.
 22452 | Gauntlet | Found a transporter.
 22454 | Gauntlet | Found a transporter.
 22460 | Gauntlet | Found a runed translucent gate.
 22460 | Gauntlet | Found a runed translucent gate.
 22460 | Gauntlet | Found a runed translucent gate.
 22461 | Gauntlet | Found a transporter.
 22462 | Gauntlet | Found a transporter.
 22463 | Gauntlet | Found a transporter.
 22465 | Gauntlet | Found a transporter.
 22473 | Gauntlet | Found a transporter.
 22476 | Gauntlet | Found a transporter.
 22670 | Gauntlet | Identified the +5 glaive "Neaff" {vorpal, rN+}
 22730 | Gauntlet | Identified the +7 plate armour "Kaibynom" {rC- rN+ Str+6}
 23501 | D:13     | Reached skill level 15 in Axes
 24105 | D:14     | Identified the +0 leather armour "Maav" {Str+3}
 24127 | D:14     | Received a gift from Okawaru
 24281 | D:14     | Received a gift from Okawaru
 25300 | D:15     | Entered Level 15 of the Dungeon
 25314 | D:15     | Received a gift from Okawaru
 25432 | D:15     | Found an ancient bone altar of Kikubaaqudgha.
 25684 | D:15     | Reached XP level 15. HP: 112/132 MP: 22/22
 25777 | D:15     | Found a runed translucent gate.
 25778 | D:15     | Found a runed translucent gate.
 25778 | D:15     | Found a runed translucent gate.
 25778 | D:15     | Noticed experimilk's ghost (adept PaFi)
 26021 | D:15     | Reached skill level 5 in Dodging
 26326 | D:15     | Received a gift from Okawaru
 26601 | D:15     | Received a gift from Okawaru
 26622 | D:15     | Reached skill level 10 in Throwing
 26693 | D:15     | Found a staircase to the Depths.
 26998 | D:7      | Killed benadryl's ghost
 27288 | D:13     | Identified a scroll of acquirement
 27289 | D:13     | Acquired the +1 pair of boots of the Lost Path {Slay+3}
 27453 | Orc:2    | Noticed Sonja
 27453 | Orc:2    | Sonja changed into Sonja the worm
 27474 | Orc:2    | Killed Sonja the worm
 27567 | Orc:2    | Received a gift from Okawaru
 27568 | Orc:2    | Reached skill level 10 in Shields
 27596 | Orc:2    | Found a radiant altar of Vehumet.
 27597 | Orc:2    | Noticed Erolcha
 27604 | Orc:2    | Found Girer's Distillery.
 27609 | Orc:2    | Paralysed by an orc sorcerer for 5 turns
 27619 | Orc:2    | Killed Erolcha
 27625 | Orc:2    | Noticed Nergalle
 27630 | Orc:2    | Killed Nergalle
 27806 | Orc:2    | Bought a potion of curing for 39 gold pieces
 27806 | Orc:2    | Bought a potion of haste for 130 gold pieces
 27808 | Orc:2    | Found an ancient bone altar of Kikubaaqudgha.
 27848 | Orc:2    | Found Herhaova's Distillery.
 27851 | Orc:2    | Found Yhedamec's Book Emporium.
 27989 | Orc:2    | Found Qopol's Antique Armour Emporium.
 27991 | Orc:2    | Bought a potion of heal wounds for 75 gold pieces
 27991 | Orc:2    | Bought a potion of curing for 45 gold pieces
 27991 | Orc:2    | Bought a potion of lignification for 45 gold pieces
 27991 | Orc:2    | Bought a potion of mutation for 120 gold pieces
 27991 | Orc:2    | Bought 2 potions of mutation for 240 gold pieces
 27991 | Orc:2    | Bought 2 potions of heal wounds for 150 gold pieces
 28188 | Snake:1  | Entered Level 1 of the Snake Pit
 29845 | Snake:2  | Noticed Vashnia
 29906 | Snake:1  | Received a gift from Okawaru
 30216 | Snake:2  | Found Myhonnas's Magic Scroll Shop.
 30250 | Arena    | Entered the Arena
 30260 | Arena    | Killed Vashnia
 30569 | Snake:2  | Received a gift from Okawaru
 30569 | Snake:2  | Found the +8 mithril axe "Arga" {speed, Will+}
 30581 | Snake:2  | Bought a scroll of immolation for 60 gold pieces
 30581 | Snake:2  | Bought a scroll of enchant armour for 112 gold pieces
 30581 | Snake:2  | Bought a scroll of teleportation for 45 gold pieces
 30581 | Snake:2  | Bought a scroll of teleportation for 45 gold pieces
 30663 | Snake:2  | Reached XP level 16. HP: 79/141 MP: 24/24
 30930 | Snake:2  | HP: 4/143 [naga warrior/+0 mace (24)]
 32632 | Snake:3  | Noticed Louise
 32689 | Snake:3  | Killed Louise
 32689 | Snake:3  | Received a gift from Okawaru
 33680 | Snake:4  | Entered Level 4 of the Snake Pit
 34243 | Snake:4  | Noticed Bai Suzhen
 34255 | Snake:4  | Killed Bai Suzhen
 34648 | Snake:4  | Received a gift from Okawaru
 34686 | Arena    | Entered the Arena
 34940 | Snake:4  | Reached XP level 17. HP: 135/154 MP: 23/25
 35067 | Snake:4  | Got a serpentine rune of Zot
 35201 | Shoals:1 | Entered Level 1 of the Shoals
 35292 | Shoals:1 | Found a flickering gateway to a bazaar.
 35303 | Bazaar   | Entered a bazaar
 35337 | Bazaar   | Found Pop Gol's Magic Scroll Shoppe.
 35337 | Bazaar   | Found Asirakhi's Antique Armour Emporium.
 35348 | Bazaar   | Bought a scroll of fear for 48 gold pieces
 35359 | Bazaar   | Found Temaoro's Antique Armour Emporium.
 35578 | Shoals:1 | Reached skill level 15 in Fighting
 36030 | Shoals:2 | Noticed Ilsuiw
 36070 | Shoals:2 | Killed Ilsuiw
 36070 | Shoals:2 | Received a gift from Okawaru
 36071 | Shoals:2 | Reached skill level 15 in Armour
 36436 | Shoals:3 | Found Sem Erad's Book Shop.
 36440 | Shoals:3 | Noticed Polyphemus
 36840 | Shoals:2 | Received a gift from Okawaru
 36907 | Shoals:3 | Killed Polyphemus
 36908 | Shoals:3 | Reached skill level 15 in Shields
 36952 | Shoals:4 | Entered Level 4 of the Shoals
 37012 | Shoals:4 | Received a gift from Okawaru
 37058 | Shoals:4 | Noticed Nikola
 37065 | Shoals:4 | Killed Nikola
 37125 | Arena    | Entered the Arena
 37146 | Arena    | Entered the Arena
 37322 | Shoals:4 | Received a gift from Okawaru
 37323 | Shoals:4 | Reached XP level 18. HP: 76/163 MP: 21/26
 37775 | Shoals:4 | Got a barnacled rune of Zot
 38064 | Depths:1 | Entered Level 1 of the Depths
 38082 | D:15     | Identified the +8 short sword "Xaxuen" {flame, rElec Will++
                  | Int-5} (Okawaru gifted it to you on level 15 of the
                  | Dungeon)
 38082 | D:15     | Received a gift from Okawaru
 38124 | Depths:1 | Paralysed by a floating eye for 2 turns
 38241 | Depths:1 | Noticed Asterion
 38242 | Depths:1 | Paralysed by a floating eye for 4 turns
 38259 | D:15     | Killed Asterion
 38322 | Depths:1 | Paralysed by a floating eye for 3 turns
 38325 | Arena    | Entered the Arena
 38359 | Depths:1 | Paralysed by a floating eye for 2 turns
 38749 | Elf:1    | Entered Level 1 of the Elven Halls
 39483 | Elf:1    | Paralysed by an air elemental for 1 turns
 39830 | Elf:2    | Received a gift from Okawaru
 39924 | Elf:2    | Noticed Azrael
 39925 | Elf:2    | Paralysed by an air elemental for 1 turns
 39928 | Elf:2    | Paralysed by an air elemental for 1 turns
 39931 | Elf:2    | Paralysed by an air elemental for 1 turns
 39949 | Elf:2    | Killed Azrael
 39962 | Elf:2    | Received a gift from Okawaru
 40009 | Elf:2    | Found a shimmering blue altar of Sif Muna.
 40220 | Elf:2    | Identified Roxanne's Directory of Terra Firma
 40220 | Elf:2    | Noticed Roxanne
 40250 | Elf:2    | Received a gift from Okawaru
 40366 | Elf:2    | Found a huge runed translucent gate.
 40366 | Elf:2    | Found a huge runed translucent gate.
 40366 | Elf:2    | Found a huge runed translucent gate.
 40366 | Elf:2    | Found a huge runed translucent gate.
 40369 | Elf:2    | Found a huge runed translucent gate.
 41518 | Snake:4  | Identified the +0 kite shield of Pride {Harm Fly rPois
                  | Int-4}
 41518 | Snake:4  | Noticed Donald
 41528 | Snake:4  | Killed Donald
 41740 | Snake:4  | Found an opulent altar of Gozag.
 41743 | Snake:4  | Found a runed translucent gate.
 41743 | Snake:4  | Found a runed translucent gate.
 41743 | Snake:4  | Found a runed translucent gate.
 41743 | Snake:4  | Noticed Bunnuime's ghost (adept DECj)
 42251 | Vaults:1 | Entered Level 1 of the Vaults
 42680 | Vaults:1 | Reached XP level 19. HP: 157/170 MP: 19/27
 42684 | Vaults:1 | Received a gift from Okawaru
 42937 | Vaults:1 | Received a gift from Okawaru
 42948 | Vaults:1 | Lost intelligence.
 42949 | Vaults:1 | Annihilated by a white very ugly thing

Illustrated notes

Levels and vault maps discovered:
D:1:      ebering_trefoil_3fold, layout_basic
D:2:      minmay_chambers_of_ones, layout_loops_ring,
          hellmonk_ecumenical_altar_arch_garden, kennysheep_jessica_study
D:3:      layout_rooms
D:4:      layout_basic, marbit_many_paths, jmf_multi_god_temple
D:5:      minmay_skewed_foursquare, layout_cave_pods, overflow_temple_1_default
D:6:      layout_loops_cross, minmay_temple_entry_proselytizer,
          minmay_curled_crystal, minmay_misc_feat_pillars, chequers_avenue
D:7:      layout_loops_ring, nicolae_overflow_squiral, xom_confusion_cloud,
          enter_bailey_3, gammafunk_ghost_berserking_beasts
D:8:      layout_rooms, grunt_lair_entry_orc_guard_hut
D:9:      layout_rooms, pdpol_wu_jian_five_deadly_venoms, orc_david_3
D:10:     layout_rooms, grunt_decor_clamped
D:11:     layout_loops_ring
D:12:     layout_rooms, nicolae_sif_muna_little_library, uniq_josephine
D:13:     layout_roguey, david_vaults_2, gauntlet_entry_generic,
          portal_ice_cave_entry_pillars_1, enter_trove_6,
          hellmonk_guarded_unrand_dark_maul
D:14:     layout_irregular_city, laboratory
D:15:     grunt_enter_depths_giant_problem, layout_gridville,
          gammafunk_ghost_hydra_chop, nicolae_kikubaaqudgha_miasma_corner
Temple:   eino_temple_lava
Lair:1:   layout_loops_ring, infiniplex_staircase_pool_2
Lair:2:   layout_hall_layers, minmay_shoals_entry_lonely_mermaid,
          minmay_snake_entry_guardpost_small, infiniplex_staircase_pool
Lair:3:   gammafunk_indiana_jones, layout_loops_ring, patterned_corridor
Lair:4:   layout_regular_city, slime_entry_1, dreamdust_gnoll_shepherd,
          grunt_megastairs_1, uniq_nessos
Lair:5:   evil_forest, layout_cave_pods
Shoals:1: layout_shoals, serial_shops, bzr_entry_customers,
          nicolae_diamond_shop, shop, nicolae_lakefront_shop, shop
Shoals:2: layout_shoals, uniq_ilsuiw
Shoals:3: layout_shoals, serial_shops, nicolae_stop_n_shop_1,
          lemuel_centaur_altar, uniq_polyphemus
Shoals:4: shoals_end_simple, layout_shoals, shoal_ilsuiw, uniq_nikola
Snake:1:  layout_concentric_octagons, drop_trap
Snake:2:  layout_rooms, serial_shops, nicolae_square_shop, grunt_megastairs_5,
          serial_bayou_shore_a, uniq_vashnia
Snake:3:  nicolae_cobra_stairs, layout_cave_town, uniq_louise
Snake:4:  snake_pit, layout_cave_town, ebering_ghost_gozag,
          nicolae_snake_gridmaze_squiggle, uniq_bai_suzhen, uniq_donald
Orc:1:    dreamdust_wu_jian_sword_trials, layout_caves,
          okawaru_metal_pillars_1_2, uniq_harold
Orc:2:    kennysheep_orc_mage_school, layout_caves, serial_shops,
          nicolae_shop_bloodbath_and_beyond, nicolae_orc_lost_temple, uniq_sonja
Elf:1:    layout_gridlike, minmay_elf_sorcery
Elf:2:    elven_hall_of_blades_hangedman_alternative
          [nicolae_blade_entry_antechamber], layout_loops_cross, basic_altar,
          uniq_roxanne, uniq_azrael
Vaults:1: gammafunk_ghost_arena, vaults_dpeg_spiral, vaults_mumra_hex,
          ontoclasm_vaults_chip, v_pattern_4, nicolae_vaults_network_star,
          ontoclasm_vaults_decontamination, nicolae_vaults_network_quinsquares
          [nicolae_vaults_network_quincunx_subvault,
          nicolae_vaults_network_quincunx_subvault,
          nicolae_vaults_network_quincunx_subvault,
          nicolae_vaults_network_quincunx_subvault], ontoclasm_vaults_fault,
          vaults_dpeg_cross, hangedman_vaults_slice, layout_vaults_omnigrid,
          serial_shops, nicolae_shop_window_shopping
Depths:1: layout_cave_pools, abyss_entry_small_statue_room, hell_entry,
          serial_sigils_hangedman_scratch, st_stairs_6,
          evilmike_spriggan_trog_shrine, uniq_asterion

Skill      XL: |  1  2  3  4  5  6  7  8  9 10 11 12 13 14 15 16 17 18 19 |
---------------+----------------------------------------------------------+-----
Axes           | 3 4 5 6 7 9 10 11 13 14 15 16 17 | 17.4
Fighting       | 4 5 6 7 8 9 10 11 12 14 15 | 15.0
Armour         | 4 5 6 7 8 9 10 11 12 14 16 19 | 19.7
Shields        | 4 5 6 7 8 9 10 12 16 18 19 | 19.0
Throwing       | 2 3 4 5 7 8 9 11 12 | 12.0
Evocations     | 1 3 4 5 6 7 8 |  8.0
Invocations    | 2 5 7 9 10 11 12 | 12.0
Maces & Flails | 7 |  7.4
Dodging        | 2 4 6 |  6.0

Action                   |  1- 3 |  4- 6 |  7- 9 | 10-12 | 13-15 | 16-18 | 19-21 || total
-------------------------+-------+-------+-------+-------+-------+-------+-------++-------
Melee: War axe           |    89 |    42 |   274 |    68 |       |       |       ||   473
       Headbutt          |     9 |    17 |    39 |   141 |   235 |   304 |    21 ||   766
       Spear             |     8 |    80 |       |       |       |       |       ||    88
       Hand axe          |       |       |       |   449 |    29 |       |       ||   478
       Whip              |       |       |       |    99 |   597 |       |       ||   696
       Broad axe         |       |       |       |       |   317 |  1193 |    61 ||  1571
Throw: Boomerang         |       |       |       |    27 |    60 |    24 |       ||   111
       Dart              |       |       |       |     5 |     3 |     8 |       ||    16
       Javelin           |       |       |       |       |     2 |       |       ||     2
Invok: Heroism           |       |       |       |     7 |    13 |    17 |     1 ||    38
       Finesse           |       |       |       |     7 |    12 |    16 |     1 ||    36
       Duel              |       |       |       |       |     1 |     4 |       ||     5
Evoke: Wand              |       |       |       |       |     2 |       |       ||     2
       Lightning rod     |       |       |       |       |       |     3 |       ||     3
       Tin of tremorston |       |       |       |       |       |     2 |       ||     2
  Use: Potion            |       |       |     8 |     4 |    11 |    19 |     2 ||    44
       Scroll            |       |       |    13 |     7 |    17 |     6 |     1 ||    44
 Stab: Invisible         |       |       |       |       |       |     5 |       ||     5
       Petrified         |       |       |       |       |       |     3 |       ||     3
Armor: Scale mail        |    55 |    60 |   138 |    13 |       |       |       ||   266
       Skin              |       |       |     5 |     4 |       |       |       ||     9
       Plate armour      |       |       |       |   272 |   464 |   502 |    32 ||  1270
Dodge: Dodged            |    39 |    56 |   125 |   143 |   234 |   276 |    12 ||   885
Block: Buckler           |    22 |    17 |       |       |       |       |       ||    39
       Kite shield       |       |    11 |   166 |   315 |   444 |    59 |       ||   995
       Reflection        |       |       |     5 |    16 |    39 |     3 |       ||    63
       Tower shield      |       |       |       |       |       |   950 |    74 ||  1024
